 Dungeon Crawl Stone Soup version 0.28.0-45-g0d030f2227 (webtiles) character file.

Game seed: 15164730134744137468

243 pkoi the Gusty (level 5, -2/37 (38) HPs)
             Began as a Demigod Air Elementalist on Apr 18, 2022.
             Killed from afar by an orc wizard (10 damage)
             ... with a magic dart
             ... on level 3 of the Dungeon.
             The game lasted 00:05:33 (5158 turns).

pkoi the Gusty (Demigod Air Elementalist)           Turns: 5158, Time: 00:05:34

HP:   -2/37 (38)    AC:  2    Str:  9    XL:     5   Next: 52%
MP:   12/12         EV: 12    Int: 21    God:
Gold: 143           SH:  0    Dex: 14    Spells: 1/9 levels left

rFire   . . .      SeeInvis .   k - +7 Throatcutter {drain, coup de grace}
rCold   . . .      Faith    .   (no shield)
rNeg    . . .      Spirit   .   a - +0 robe
rPois   .          Reflect  .   (no helmet)
rElec   .          Harm     .   (no cloak)
rCorr   .          Rampage  .   (no gloves)
Will    .....                   (no boots)
Stlth   ++........              c - amulet of the acrobat
HPRegen 0.12/turn               (no ring)
MPRegen 0.13/turn               (no ring)

@: lightly drained
A: high MP 1, forlorn, divine attributes
a: no special abilities


You were on level 3 of the Dungeon.
You visited 1 branch of the dungeon, and saw 3 of its levels.

You collected 143 gold pieces.

Inventory:

Hand Weapons
 b - a +0 dagger of venom
 k - the +7 Throatcutter (weapon) {drain, coup de grace}
   (You took it off Terence on level 3 of the Dungeon)

   A truly terrible weapon, it drains the life of any living foe it strikes.
   It may instantly kill foes which have little health.
Missiles
 g - 3 poisoned darts
Armour
 a - a +0 robe (worn)
Jewellery
 c - an amulet of the acrobat (around neck)
 m - a +6 ring of intelligence
Scrolls
 h - a scroll of fear {unknown}
 i - a scroll of immolation {unknown}
 l - a scroll of enchant weapon {unknown}
Potions
 d - 2 potions of berserk rage {unknown}
 e - 3 potions of magic {unknown}
 f - a potion of cancellation {unknown}
 j - a potion of ambrosia {unknown}


   Skills:
 - Level 1.7 Dodging
 - Level 1.7 Stealth
 + Level 2.8 Spellcasting
 - Level 0.8 Conjurations
 - Level 1.0 Translocations
 * Level 5.2 Air Magic


You had one spell level left.
You knew the following spells:

 Your Spells              Type           Power      Damage    Failure   Level
a - Shock                 Conj/Air       60%        1d6       3%          1
b - Static Discharge      Conj/Air       15%        N/A       6%          2
c - Apportation           Tloc           14%        N/A       9%          1
d - Airstrike             Air            12%        N/A       16%         4

Your spell library contained the following spells:

 Spells                   Type           Power      Damage    Failure   Level
 Summon Small Mammal      Summ           12%        N/A       14%         1
 Swiftness                Air            25%        N/A       4%          3
 Call Canine Familiar     Summ           3%         N/A       38%         3
 Ozocubu's Armour         Ice            3%         N/A       38%         3
 Summon Guardian Golem    Hex/Summ       3%         N/A       38%         3
 Lee's Rapid Deconstruct  Erth           1%         3d5*      98%         5
 Ozocubu's Refrigeration  Ice            1%         4d5       100%        7
 Disjunction              Tloc           3%         N/A       100%        8


Dungeon Overview and Level Annotations

Branches:
Dungeon (3/15)

Annotations:
D:2 Sigmund


Innate Abilities, Weirdness & Mutations

You have an increased reservoir of magic. (+10% MP)
You shall have no god before yourself.
Your divine heritage dramatically boosts your attributes as you level up.


Message History

An orc wizard is nearby!
An orc wizard is nearby!
The orc wizard completely misses you. The orc wizard completely misses you.
You slash the orc wizard!
The orc wizard is almost dead.
The orc wizard closely misses you.
You miss the orc wizard.
The orc wizard is almost dead.
The orc wizard hits you but does no damage.
You closely miss the orc wizard.
The orc wizard is almost dead.
The orc wizard gestures at you while chanting.
The puff of flame hits you!
* * * LOW HITPOINT WARNING * * *
The orc wizard gestures wildly while chanting.
The orc wizard flickers and vanishes!
Deactivating autopickup; reactivate with Ctrl-A.
You hear some strange, mumbled words.
You are confused.
You completely miss something. Something hits you.
* * * LOW HITPOINT WARNING * * *
You hear some strange, mumbled words.
A magic dart appears from out of thin air!
The magic dart hits you.
* * * LOW HITPOINT WARNING * * *
You bump into the rock wall.
You hear some strange, mumbled words.
Something tries to affect you, but you resist.
You bump into the rock wall.
You hear some strange, mumbled words.
A magic dart appears from out of thin air!
The magic dart hits you!
* * * LOW HITPOINT WARNING * * *
You miss something.
You feel less confused.
You hear some strange, mumbled words.
A magic dart appears from out of thin air!
The magic dart hits you!
You die...

............................#.#..
.......................#).....'..
.......................#..#.#.#..
.......................#..#.#.#..
#.....................##..#.#....
##...................####.#.#....
###.................## #...#....
# ##................# #........
####............@.#.# # #........
...............{.##..............
.................................
#######........###########....###
................ .....#
#######.############# ####...
................#...# ..>#
........###.#####.#.# #########
#.# #.#.#


There were no monsters in sight!

Vanquished Creatures
  4 orc priests
  Terence (D:3)
  An orc wizard (D:3)
  An adder (D:2)
  2 dart slugs (D:2)
  6 orcs
  3 bats
  7 endoplasms
  3 giant cockroaches
  3 goblins
  A hobgoblin (D:2)
  7 jackals
  2 quokkas
  2 ball pythons
  4 frilled lizards
  5 kobolds
  6 rats
58 creatures vanquished.

Notes
Turn   | Place    | Note
-------+----------+-------------------------------------------
     0 | D:1      | pkoi the Demigod Air Elementalist began the quest for the
                  | Orb.
     0 | D:1      | Reached XP level 1. HP: 14/14 MP: 5/5
    46 | D:1      | Reached skill level 3 in Air Magic
   435 | D:1      | Got Sif Muna's Incunabulum of the Rocks and Orientation
   446 | D:1      | Reached XP level 2. HP: 12/20 MP: 7/7
  1005 | D:1      | Learned a level 2 spell: Static Discharge
  1007 | D:1      | Learned a level 1 spell: Apportation
  1869 | D:2      | Reached skill level 1 in Translocations
  1869 | D:2      | Reached XP level 3. HP: 11/26 MP: 1/8
  2529 | D:2      | Noticed Sigmund
  2761 | D:2      | Reached skill level 4 in Air Magic
  2761 | D:2      | Reached XP level 4. HP: 30/33 MP: 2/9
  2837 | D:3      | HP: 1/33 [orc priest/+0 dagger (3)]
  3588 | D:3      | Reached XP level 5. HP: 32/38 MP: 5/11
  3655 | D:3      | HP: 1/38 [orc priest/divine providence (13)]
  3658 | D:3      | Reached skill level 5 in Air Magic
  3967 | D:3      | Learned a level 4 spell: Airstrike
  4261 | D:3      | Noticed Terence
  4268 | D:3      | HP: 1/34 [Terence/the +7 Throatcutter {drain, coup de
                  | grace} (4)]
  4271 | D:3      | Killed Terence
  5158 | D:3      | Killed from afar by an orc wizard

Illustrated notes

Levels and vault maps discovered:
D:1:      minmay_arrival_diagonal_passages, layout_loops_ring,
          amcnicky_mini_corridor_feature
D:2:      layout_basic, hellmonk_ecumenical_altar_arch_garden, uniq_sigmund
D:3:      layout_basic, uniq_terence

Skill      XL: |  1  2  3  4  5 |
---------------+----------------+-----
Air Magic      | 3 4 5 |  5.2
Translocations | 1 |  1.0
Spellcasting   | 2 |  2.8
Dodging        | |  1.7
Stealth        | |  1.7
Conjurations   | |  0.8

Action                   |  1- 3 |  4- 6 || total
-------------------------+-------+-------++-------
Melee: Dagger            |    19 |    16 ||    35
       Unarmed           |     5 |       ||     5
       Long sword        |       |    15 ||    15
Throw: Dart              |       |     2 ||     2
 Cast: Shock             |    67 |    37 ||   104
       Static Discharge  |     3 |       ||     3
 Stab: Sleeping          |     1 |     3 ||     4
Armor: Robe              |     9 |     3 ||    12
Dodge: Dodged            |    27 |    15 ||    42
